 Dungeon Crawl Stone Soup version 0.20.0-10-g0535bb4 (webtiles) character file.

13215 George the Carver (level 11, -1/124 HPs)
             Began as a Demonspawn Fighter on June 4, 2017.
             Was a Believer of Makhleb.
             Slain by Bareth's ghost (17 damage)
             ... in an ice cave.
             The game lasted 00:26:06 (10645 turns).

George the Carver (Demonspawn Fighter)             Turns: 10645, Time: 00:26:06

Health: -1/124     AC: 25    Str: 25    XL:     11   Next: 72%
Magic:  0/16       EV:  2    Int: 10    God:    Makhleb [**....]
Gold:   578        SH:  6    Dex: 12    Spells: 10/10 levels left

rFire    + . .     SeeInvis .   N - +1 double sword
rCold    . . .     Gourm    .   D - +1 buckler of Qethakk {rF+ Regen+}
rNeg     + + +     Faith    .   (armour currently unavailable)
rPois    +         Spirit   +   (helmet currently unavailable)
rElec    .         Reflect  .   (cloak currently unavailable)
rCorr    .         Harm     .   (gloves currently unavailable)
MR       +....     NoTele   +   (boots currently unavailable)
Stlth    +.........             k - amulet of guardian spirit
Regen    0.7/turn               F - ring of protection from magic
MPRegen  0.2/turn               a - +1 ring of slaying

@: mighty, tree-form, hasted, very quick
A: demonic guardian 1
a: Minor Destruction, Renounce Religion


You were in an ice cave.
You worshipped Makhleb.
Makhleb was pleased with you.
You were not hungry.
You were a tree.
You visited 2 branches of the dungeon, and saw 12 of its levels.
You also visited: Ice Cave.

You collected 578 gold pieces.

Inventory:

Hand Weapons
 J - a +0 rapier
 N - a +1 double sword (weapon)
Missiles
 s - 19 tomahawks (quivered)
 x - 5 tomahawks of returning
 O - 2 javelins
Armour
 l - a +1 plate armour of magic resistance (melded)
 p - a +2 hat (melded)
 A - a +0 pair of boots (melded)
 D - the +1 buckler of Qethakk (worn) {rF+ Regen+}
   (You found it on level 10 of the Dungeon)

   It protects you from fire.
   It increases your rate of regeneration.
Jewellery
 a - a +1 ring of slaying (right branch)
 k - an amulet of guardian spirit (around neck)
 F - a ring of protection from magic (left branch)
Wands
 b - a wand of iceblast (10/15)
 t - a wand of iceblast (4/15)
 L - a wand of flame (12/48)
 M - a wand of paralysis (17/24)
Scrolls
 i - 3 scrolls of enchant weapon
 j - 3 scrolls of blinking
 n - 7 scrolls of remove curse
 o - 3 scrolls of teleportation
 r - 2 scrolls of enchant armour
 w - a scroll of torment {unknown}
 G - 4 scrolls of recharging
Potions
 d - a potion of might
 g - a potion of lignification
 h - 2 potions of curing
 m - a potion of haste
 u - 2 potions of ambrosia
 z - 3 potions of mutation
 B - a potion of cancellation
 E - 5 potions of flight
 H - a potion of invisibility {unknown}
Comestibles
 c - 3 chunks of flesh
 f - 10 bread rations
 q - 2 meat rations
 v - 9 royal jellies
 C - 4 fruits


   Skills:
 + Level 6.6 Fighting
 + Level 12.5 Long Blades
 + Level 6.0 Armour
 + Level 5.0 Dodging
 + Level 6.1 Shields
 + Level 7.5 Invocations


You had 10 spell levels left.
You didn't know any spells.

Dungeon Overview and Level Annotations

Branches:
Dungeon (11/15)            Temple (1/1) D:7            Lair (0/6) D:9
    Orc: D:9-12

Altars:
Ashenzari
Cheibriados
Dithmenos
Elyvilon
Fedhas
Gozag
Hepliaklqana
Kikubaaqudgha
Makhleb
Nemelex Xobeh
Okawaru
Qazlal
Ru
Sif Muna
Trog
Uskayaw
Vehumet
Xom
Yredelemnul
Zin
The Shining One

Shops:
D:4 :   D:7 ::%[=   D:10 (

Annotations:
IceCv Bareth's ghost, journeyman HOBe


Innate Abilities, Weirdness & Mutations

((You have a pair of small horns on your head.))
((You are mostly covered in large bone plates. (SH +6)))
((Your flesh is cold resistant. (rC+)))
A weak demonic guardian rushes to your aid.


Message History

Bareth's ghost is heavily damaged.
The polar bear bites you but does no damage.
The polar bear claws you but does no damage. x2
You block the polar bear's attack. The polar bear claws you.
* * * LOW HITPOINT WARNING * * *
The polar bear claws you but does no damage.
Bareth's ghost hits you but does no damage.
You hit Bareth's ghost but do no damage.
Bareth's ghost is heavily damaged.
Your shadow imp hits the polar bear but does no damage.
The polar bear bites you.
* * * LOW HITPOINT WARNING * * *
The polar bear claws you but does no damage. x2
The polar bear bites you but does no damage.
You block the polar bear's attack. The polar bear claws you.
* * * LOW HITPOINT WARNING * * *
You slash Bareth's ghost!
Bareth's ghost is heavily damaged.
Bareth's ghost hits you!
You die...

###...##...##...#..#
##)#
###....##########..#
####.#. #.#.....##
#..#####...###
#.....##
###..#...#....
####...##
###..######.
##...#### #### ##
###....#######
###...#hh†.####
###.5♣W##.hW#
#########h.# # h##
## ## #. ### ##†.
#.†# #.#† ####


You could see 2 polar bears, Bareth's ghost and a friendly shadow imp.

Vanquished Creatures
  3 two-headed ogres
  A cyclops (D:8)
  Joseph (D:10)
  An ice statue (IceCv)
  Psyche (D:9)
  A centaur skeleton (D:10)
  A rime drake (IceCv)
  10 polar bears (IceCv)
  A hippogriff (D:10)
  The ghost of Kenran the Skirmisher, an amateur DDAs (D:4)
  A human (D:7)
  13 yaks (IceCv)
  4 hogs (D:7)
  2 wyverns
  A hungry ghost (D:8)
  A sky beast (D:10)
  A black bear (D:6)
  An orc warrior (D:10)
  2 phantoms (D:7)
  4 ice beasts
  6 ogres
  9 wolves (IceCv)
  5 centaurs
  A crocodile (D:10)
  A big kobold (D:9)
  5 bullfrogs
  A gnoll sergeant (D:6)
  4 scorpions
  4 electric eels (D:9)
  A howler monkey (D:6)
  A crimson imp (D:8)
  5 hounds
  3 orc priests
  A bullfrog skeleton (D:4)
  5 iguanas
  7 orc wizards
  9 worker ants
  A killer bee zombie (D:6)
  A hound skeleton (D:6)
  A howler monkey zombie (D:9)
  A worker ant zombie (D:7)
  4 gnolls (D:7)
  11 adders
  A shadow imp (D:8)
  2 adder zombies
  3 worms
  A dart slug (D:2)
  8 leopard geckos
  21 orcs
  9 bats
  3 giant cockroaches
  3 goblins
  7 hobgoblins
  5 jackals
  12 kobolds
  6 quokkas
  4 ball pythons
  3 frilled lizards (D:2)
  A jackal skeleton (D:6)
  4 rats
231 creatures vanquished.

Vanquished Creatures (collateral kills)
  A hungry ghost (D:9)
  A sky beast (D:8)
  An ice beast (D:7)
  2 wolves (IceCv)
  A jelly (D:8)
  An orc (D:10)
7 creatures vanquished.

Vanquished Creatures (others)
  A wolf (IceCv)
1 creature vanquished.

Grand Total: 239 creatures vanquished

Notes
Turn   | Place    | Note
-------+----------+-------------------------------------------
     0 | D:1      | George the Demonspawn Fighter began the quest for the Orb.
     0 | D:1      | Reached XP level 1. HP: 18/18 MP: 1/1
    52 | D:1      | Reached skill level 2 in Long Blades
   149 | D:1      | Gained mutation: You have a pair of small horns on your head. [demonic ancestry]
   149 | D:1      | Reached XP level 2. HP: 20/24 MP: 2/2
   690 | D:2      | Reached skill level 3 in Long Blades
   813 | D:2      | Gained mutation: You are partially covered in large bone plates. (SH +4) [demonic ancestry]
   813 | D:2      | Reached XP level 3. HP: 29/29 MP: 3/3
  1513 | D:3      | Reached skill level 4 in Long Blades
  1513 | D:3      | Reached XP level 4. HP: 34/35 MP: 4/4
  1910 | D:3      | Noticed an ogre
  1926 | D:3      | Killed an ogre
  1926 | D:3      | Reached skill level 5 in Long Blades
  1926 | D:3      | Gained mutation: You are mostly covered in large bone plates. (SH +6) [demonic ancestry]
  1926 | D:3      | Reached XP level 5. HP: 34/41 MP: 3/5
  2522 | D:3      | Reached XP level 6. HP: 41/47 MP: 6/6
  2571 | D:4      | Reached skill level 6 in Long Blades
  2583 | D:4      | Noticed Kenran's ghost (amateur DDAs)
  2608 | D:4      | Killed Kenran's ghost
  2688 | D:4      | Found Icevaroa's Book Emporium.
  2860 | D:4      | Reached skill level 7 in Long Blades
  2860 | D:4      | Reached XP level 7. HP: 49/52 MP: 7/7
  3299 | D:5      | Entered Level 5 of the Dungeon
  3870 | D:5      | Reached skill level 8 in Long Blades
  4095 | D:5      | Reached XP level 8. HP: 47/58 MP: 6/8
  4362 | D:6      | Reached skill level 9 in Long Blades
  4915 | D:7      | Found Umerph Vijounk's Armour Shop.
  4951 | D:7      | Found Egod's Book Boutique.
  5640 | D:7      | Reached skill level 10 in Long Blades
  5819 | D:7      | Reached skill level 11 in Long Blades
  5819 | D:7      | Gained mutation: A weak demonic guardian rushes to your aid. [demonic ancestry]
  5819 | D:7      | Reached XP level 9. HP: 41/63 MP: 9/9
  6026 | D:7      | Found Ecoacvos's Book Emporium.
  6118 | D:7      | Found Loill's Jewellery Shoppe.
  6197 | D:7      | Found Uppoj's Food Shop.
  6477 | D:7      | Found a staircase to the Ecumenical Temple.
  6483 | Temple   | Entered the Ecumenical Temple
  6582 | Temple   | Became a worshipper of Makhleb the Destroyer
  6813 | D:8      | Reached skill level 1 in Invocations
  7013 | D:8      | Noticed a cyclops
  7034 | D:8      | Killed a cyclops
  7034 | D:8      | Reached skill level 1 in Dodging
  7178 | D:8      | Noticed a two-headed ogre
  7192 | D:8      | Killed a two-headed ogre
  7196 | D:8      | Reached * piety under Makhleb
  7209 | D:8      | Gained mutation: Your flesh is cold resistant. (rC+) [demonic ancestry]
  7209 | D:8      | Reached XP level 10. HP: 30/71 MP: 5/12
  7747 | D:8      | Noticed a two-headed ogre
  7758 | D:8      | Killed a two-headed ogre
  7961 | D:9      | Reached skill level 12 in Long Blades
  8068 | D:9      | Noticed Psyche
  8081 | D:9      | Killed Psyche
  8348 | D:9      | Reached skill level 5 in Invocations
  8448 | D:9      | Reached skill level 5 in Fighting
  8552 | D:9      | Found a staircase to the Lair.
  8570 | D:9      | Noticed a two-headed ogre
  8579 | D:9      | Killed a two-headed ogre
  9160 | D:9      | Reached skill level 5 in Shields
  9182 | D:10     | Entered Level 10 of the Dungeon
  9204 | D:10     | Noticed Joseph
  9223 | D:10     | Killed Joseph
  9461 | D:10     | Reached XP level 11. HP: 69/81 MP: 12/15
  9462 | D:10     | Found Enueduine's Antique Weapon Boutique.
  9499 | D:10     | Got a distressingly furry buckler
  9510 | D:10     | Identified the +1 buckler of Qethakk {rF+ Regen+} (You found it on level 10 of the Dungeon)
  9667 | D:10     | Reached skill level 5 in Armour
  9858 | D:10     | Reached ** piety under Makhleb
 10144 | D:11     | Found a frozen archway.
 10152 | IceCv    | Entered an ice cave
 10536 | IceCv    | Reached skill level 5 in Dodging
 10614 | IceCv    | Noticed Bareth's ghost (journeyman HOBe)
 10645 | IceCv    | Slain by Bareth's ghost

Skill      XL: |  1  2  3  4  5  6  7  8  9 10 11 |
---------------+----------------------------------+-----
Long Blades    | 2 3 4 5 7 8 11 12 | 12.5
Invocations    | 3 5 7 |  7.5
Armour         | 3 4 6 |  6.0
Dodging        | 2 3 5 |  5.0
Shields        | 3 5 6 |  6.1
Fighting       | 4 5 6 |  6.6

Action                   |  1- 3 |  4- 6 |  7- 9 | 10-12 || total
-------------------------+-------+-------+-------+-------++-------
Melee: Long sword        |   117 |   157 |   449 |    72 ||   795
       Headbutt          |    16 |    28 |    80 |    92 ||   216
       Double sword      |       |       |       |   332 ||   332
Throw: Tomahawk          |       |     2 |     5 |     5 ||    12
Evoke: Wand              |       |       |       |     9 ||     9
  Use: Scroll            |     2 |       |     6 |    13 ||    21
       Potion            |       |       |     2 |     6 ||     8
 Stab: Distracted        |     1 |       |     2 |     7 ||    10
  Eat: Chunk             |     2 |     5 |    16 |    12 ||    35
Armor: Scale mail        |    14 |       |       |       ||    14
       Chain mail        |    46 |    58 |   203 |    49 ||   356
       Plate armour      |       |       |       |   125 ||   125
       Skin              |       |       |       |    11 ||    11
Dodge: Dodged            |    14 |    18 |    39 |   122 ||   193
Block: Shield            |    69 |    95 |   283 |   115 ||   562
       Buckler           |       |       |       |   177 ||   177
       Rpst.: Long sword |     3 |     5 |     9 |     3 ||    20
       Double sword      |       |       |       |    30 ||    30
